 Dungeon Crawl Stone Soup version 0.29-a0-1043-g569b05d6ff (webtiles) character file.

Game seed: 2517659026198054186

1264 xian the Thaumaturge (level 8, -4/37 HPs)
             Began as a Spriggan Ice Elementalist on Aug 15, 2022.
             Was a Follower of Fedhas.
             Slain by an orc warrior
             ... wielding a +0 glaive
              (13 damage)
             ... in a bailey.
             The game lasted 00:33:43 (7969 turns).

xian the Thaumaturge (Spriggan Ice Elementalist)    Turns: 7969, Time: 00:33:43

Health: -4/37      AC: 11    Str:  4    XL:     8   Next: 27%
Magic:  9/21       EV: 31    Int: 19    God:    Fedhas [*.....]
Gold:   387        SH:  0    Dex: 15    Spells: 9/23 levels left

rFire   . . .      SeeInvis +   d - +0 short sword (speed)
rCold   . . .      Faith    .   (no shield)
rNeg    + . .      Spirit   .   G - +0 acid dragon scales
rPois   .          Reflect  .   (helmet restricted)
rElec   .          Harm     .   h - +0 cloak
rCorr   +          Rampage  .   (gloves unavailable)
Will    +....                   (boots unavailable)
Stlth   +++.......              e - amulet of the acrobat
HPRegen 0.12/turn               t - ring of resist corrosion
MPRegen 0.17/turn               s - ring of positive energy

@: ice-armoured, acrobatic, freezing walls, very quick
A: very small, no large weapons, unfitting armour, see invisible, speed 3
a: Renounce Religion


You were in a bailey.
You worshipped Fedhas.
Fedhas was aware of your devotion.
You visited 1 branch of the dungeon, and saw 7 of its levels.
You also visited: Bailey.

You collected 387 gold pieces.

Inventory:

Hand Weapons
 d - a +0 short sword of speed (weapon)
 F - a +0 broad axe
Missiles
 c - 2 poisoned darts (quivered)
Armour
 a - a +0 robe
 h - a +0 cloak (worn)
 G - +0 acid dragon scales (worn)
Jewellery
 e - an amulet of the acrobat (around neck)
 s - a ring of positive energy (right hand)
 t - a ring of resist corrosion (left hand)
Wands
 C - a wand of polymorph (6)
 E - a wand of paralysis (7)
Scrolls
 f - 2 scrolls of blinking {unknown}
 k - a scroll of poison
 m - a scroll of acquirement {unknown}
 n - a scroll of magic mapping {unknown}
 o - 5 scrolls of vulnerability
 q - 3 scrolls of teleportation
 u - a scroll of enchant armour {unknown}
 v - 3 scrolls of silence
 w - a scroll of identify
 y - 2 scrolls of enchant weapon {unknown}
 z - 3 scrolls of fog {unknown}
 A - a scroll of immolation {unknown}
Potions
 b - a potion of magic
 i - a potion of attraction {unknown}
 j - a potion of curing
 l - 2 potions of might {unknown}
 p - 3 potions of flight
 r - 2 potions of lignification {unknown}
 x - a potion of mutation {unknown}
 D - a potion of ambrosia {unknown}


   Skills:
 + Level 1.0 Fighting
 + Level 2.6 Short Blades
 + Level 3.7 Dodging
 + Level 6.5 Stealth
 + Level 8.1 Spellcasting
 + Level 5.6 Ice Magic
 + Level 0.1 Earth Magic


You had 9 spell levels left.
You knew the following spells:

 Your Spells              Type           Power      Damage    Failure   Level
a - Freeze                Ice            100%       1d11      2%          1
b - Frozen Ramparts       Ice            58%        1d9       6%          3
c - Ozocubu's Armour      Ice            29%        N/A       6%          3
d - Stone Arrow           Conj/Erth      16%        3d8       54%         3
e - Hailstorm             Conj/Ice       18%        3d6       56%         4

Your spell library contained the following spells:

 Spells                   Type           Power      Damage    Failure   Level
 Sandblast                Erth           16%        2d6       22%         1
 Shock                    Conj/Air       28%        1d4       22%         1
 Poisonous Vapours        Pois/Air       14%        N/A       32%         2
 Dazzling Flash           Conj/Hex       14%        N/A       54%         3
 Gell's Gravitas          Tloc           7%         N/A       54%         3
 Lesser Beckoning         Tloc           7%         N/A       54%         3
 Swiftness                Air            7%         N/A       54%         3
 Teleport Other           Tloc           7%         N/A       54%         3
 Airstrike                Air            3%         2d(1-17)  91%         4
 Corpse Rot               Necr/Pois/Air  7%         N/A       91%         4
 Petrify                  Tmut/Erth      7%         N/A       91%         4
 Agony                    Necr           7%         N/A       99%         5
 Silence                  Hex/Air        3%         N/A       99%         5


Dungeon Overview and Level Annotations

Branches:
Dungeon (7/15)             Temple (0/1) D:4          Bailey (1/1)

Altars:
Dithmenos
Fedhas
Hepliaklqana
Ru
Uskayaw
Wu Jian
Xom

Shops:
D:6 [


Innate Abilities, Weirdness & Mutations

You are very small and have problems with some larger weapons.
You are too small for most types of armour.
You have supernaturally acute eyesight. (SInv)
You cover ground extremely quickly. (Speed+++)


Message History

Casting: Ozocubu's Armour (dangerous; 6% risk of failure)
Confirm with . or Enter, or press ? or * to list all spells.
Casting: Frozen Ramparts (dangerous; 6% risk of failure)
Press: ? - help, Dir - look around, f - activate The walls around you are covered in ice.
You throw a poisoned dart.
The poisoned dart barely misses the orc warrior.
You throw a poisoned dart.
The poisoned dart barely misses the orc warrior.
You throw a poisoned dart. The poisoned dart hits the orc warrior.
The orc warrior is poisoned.
The wall freezes the orc warrior but does no damage.
The orc warrior barely misses you.
You throw a poisoned dart.
The poisoned dart closely misses the orc warrior.
The wall freezes the orc warrior but does no damage.
The orc warrior closely misses you.
You throw a poisoned dart.
The poisoned dart barely misses the orc warrior.
The wall freezes the orc warrior.
The orc warrior closely misses you.
You throw a poisoned dart. The poisoned dart hits the orc warrior.
The orc warrior is moderately wounded.
The wall freezes the orc warrior.
The orc warrior hits you from afar with a +0 glaive!
You are too injured to fight recklessly!
Casting: Frozen Ramparts (dangerous; 6% risk of failure)
Confirm with . or Enter, or press ? or * to list all spells.
Your icy armour thickens.
The wall freezes the orc warrior but does no damage.
The orc warrior hits you from afar with a +0 glaive.
* * * LOW HITPOINT WARNING * * *
Casting: Ozocubu's Armour (dangerous; 6% risk of failure)
Confirm with . or Enter, or press ? or * to list all spells.
You cannot sustain more frozen ramparts right now.
There are monsters nearby!
You are too injured to fight recklessly!
The wall freezes the orc warrior.
The orc warrior hits you from afar with a +0 glaive!
You die...
Fedhas appreciates your contribution to the ecosystem.

###########
##......o.@#
##..~~~~~~~..#
##..~~.....~~o.#
#####..~~..###..~~..#
......o~..##
##..~~... ~~~~~~~..##
##..~~~~~ ........##
##..(.... #########
####### #.$$


You could see an orc warrior (poisoned) and an orc.

Vanquished Creatures
  Maggie (D:7)
  A wyvern (D:6)
  A water moccasin (D:5)
  An orc warrior (D:6)
  A sky beast (D:6)
  An ogre (D:5)
  A bullfrog (D:6)
  2 hounds
  An iguana (D:5)
  2 orc wizards (D:4)
  9 adders
  3 gnolls (D:5)
  2 shadow imps
  A white imp (D:7)
  2 worms
  5 dart slugs
  20 orcs
  15 ball pythons
  7 bats
  8 endoplasms
  5 giant cockroaches
  6 goblins
  11 hobgoblins
  2 jackals (D:5)
  4 quokkas
  5 frilled lizards
  6 kobolds
  7 rats
130 creatures vanquished.

Vanquished Creatures (others)
  15 bushes (D:7)
15 creatures vanquished.

Grand Total: 145 creatures vanquished

Notes
Turn   | Place    | Note
-------+----------+-------------------------------------------
     0 | D:1      | xian the Spriggan Ice Elementalist began the quest for the
                  | Orb.
     0 | D:1      | Reached XP level 1. HP: 9/9 MP: 5/5
   369 | D:1      | Reached XP level 2. HP: 13/13 MP: 3/6
   440 | D:1      | Reached skill level 3 in Spellcasting
  1077 | D:1      | Reached XP level 3. HP: 12/16 MP: 2/8
  1081 | D:1      | Learned a level 3 spell: Frozen Ramparts
  1085 | D:1      | Learned a level 3 spell: Ozocubu's Armour
  2101 | D:2      | Reached XP level 4. HP: 9/21 MP: 0/10
  2516 | D:2      | Reached skill level 1 in Short Blades
  3010 | D:3      | Found a shimmering altar of Xom.
  3011 | D:3      | Found a shimmering altar of Xom.
  3158 | D:3      | Reached XP level 5. HP: 24/24 MP: 11/11
  3536 | D:3      | Found a blossoming altar of Fedhas.
  3566 | D:3      | Became a worshipper of Fedhas Madash
  3665 | D:3      | Found a hide-covered altar of Uskayaw.
  3754 | D:4      | Reached skill level 5 in Stealth
  3876 | D:4      | Reached skill level 4 in Spellcasting
  4041 | D:4      | Found a staircase to the Ecumenical Temple.
  4319 | D:4      | Found a shadowy altar of Dithmenos.
  4322 | D:4      | Noticed a shadow
  4418 | D:4      | Found a hazy altar of Hepliaklqana.
  4569 | D:4      | Found a sacrificial altar of Ru.
  4700 | D:5      | Entered Level 5 of the Dungeon
  4740 | D:5      | Reached XP level 6. HP: 27/28 MP: 4/14
  4781 | D:5      | Reached * piety under Fedhas
  5087 | D:5      | Noticed a water moccasin
  5094 | D:5      | Killed a water moccasin
  5095 | D:5      | Reached skill level 5 in Spellcasting
  5236 | D:5      | Reached skill level 6 in Spellcasting
  5236 | D:5      | Reached XP level 7. HP: 30/32 MP: 4/17
  5371 | D:5      | Found an ornate altar of the Wu Jian Council.
  5407 | D:5      | Got the Handbook of Geology
  5938 | D:6      | Learned a level 3 spell: Stone Arrow
  5943 | D:6      | Learned a level 4 spell: Hailstorm
  6115 | D:6      | Found Gicud's Armour Shop.
  6432 | D:6      | Reached skill level 5 in Ice Magic
  6683 | D:6      | Noticed a wyvern
  6701 | D:6      | Killed a wyvern
  6702 | D:6      | Reached skill level 7 in Spellcasting
  7120 | D:7      | Noticed Maggie
  7134 | D:7      | Paralysed by Maggie for 3 turns
  7137 | D:7      | Killed Maggie
  7138 | D:7      | Reached skill level 1 in Fighting
  7138 | D:7      | Reached skill level 8 in Spellcasting
  7138 | D:7      | Reached XP level 8. HP: 12/37 MP: 4/21
  7731 | D:7      | HP: 1/37 [killer bee[a wight] (1)]
  7849 | D:7      | Found a flagged portal.
  7856 | Bailey   | Entered a bailey
  7969 | Bailey   | Slain by an orc warrior

Illustrated notes

Levels and vault maps discovered:
D:1:      dpeg_arrival_water_fire, layout_basic
D:2:      minmay_diamond_boxcup, layout_basic,
          hangedman_abyss_or_decor_lesser_grid
D:3:      layout_basic, xom_redecorated, nicolae_uskayaw_suspiria,
          fedhas_altar_2, palyth_stone_intersect, minmay_close_crescents
D:4:      layout_basic, riverfiend_overflow_shadow_ancestor, marbit_many_paths,
          minmay_temple_entry_mist
D:5:      layout_rooms, nzn_wu_jian_contemplation, nicolae_figureground_pulse
D:6:      layout_cave_pods, serial_shops, kennysheep_little_box,
          minmay_misc_feat_enclosed, lightli_minifort
D:7:      layout_layer_cave, enter_bailey_2, serial_undead, serial_undead_a,
          serial_undead_a, serial_undead_a, serial_undead_d, minmay_hedge_maze,
          uniq_maggie
Bailey:   bailey_polearm_1, bailey

Skill      XL: |  1  2  3  4  5  6  7 |
---------------+----------------------+-----
Spellcasting   | 3 4 6 8 |  8.1
Dodging        | 3 |  3.7
Stealth        | 4 5 6 |  6.5
Ice Magic      | 4 5 |  5.6
Short Blades   | 1 2 |  2.6
Fighting       | 1 |  1.0
Earth Magic    | |  0.1

Action                   |  1- 3 |  4- 6 |  7- 9 || total
-------------------------+-------+-------+-------++-------
Melee: Short sword       |    41 |    93 |    73 ||   207
       Dagger            |     1 |       |       ||     1
Throw: Dart              |       |       |    19 ||    19
 Cast: Freeze            |    44 |    46 |    32 ||   122
       Frozen Ramparts   |     6 |    11 |    13 ||    30
       Ozocubu's Armour  |       |     4 |    15 ||    19
       Stone Arrow       |       |       |     1 ||     1
Evoke: Wand              |       |       |     1 ||     1
  Use: Scroll            |       |     6 |     4 ||    10
       Potion            |       |       |     5 ||     5
 Stab: Sleeping          |     7 |    20 |     3 ||    30
       Distracted        |       |       |     1 ||     1
Armor: Robe              |     1 |    12 |     7 ||    20
       Acid dragon scale |       |       |    36 ||    36
Dodge: Dodged            |    37 |    95 |   184 ||   316

Table legend: (Time is in decaauts)
 A = Elapsed time spent in this place.
 B = Non-inter-level travel time spent in this place.
 C = Inter-level travel time spent in this place.
 D = Time resting spent in this place.
 E = Time spent auto-exploring this place.
 F = Levels seen in this place.
 G = Mean time per level.
                   A        B        C        D        E       F      G
               +--------+--------+--------+--------+--------+-----+--------+
         Total |   6003 |   5873 |    130 |     18 |   4313 |   8 |  750.4 |
       Dungeon |   5910 |   5780 |    130 |     18 |   4301 |   7 |  844.3 |
        Bailey |     93 |     93 |      0 |      0 |     12 |   1 |   93.0 |
               +--------+--------+--------+--------+--------+-----+--------+

Top non-repeatable levels by time:
     D:1: 1332 daAuts
     D:2: 1009 daAuts
     D:6: 976 daAuts
     D:5: 828 daAuts
     D:4: 738 daAuts
     D:7: 545 daAuts
     D:3: 478 daAuts
  Bailey: 93 daAuts
